AoeStats
← NPG Dkastro

Arabia

509786339Analyzed
1v1 RM · 3d ago on Sep 28, 2026· 44m 2s· 2 players
Game mode
Random Map
Map size
Tiny (2 player)
Population
200
Speed
Normal
Resources
Standard
Victory
Conquest
Starting age
Dark Age
Ending age
Imperial Age
RankedLock teamsTeams togetherTeam positionsShared explorationLock speedFull tech treeHidden civsTurbo modeCheats
Victory
Defeat
🇨🇱 Goths · Chile
1799
+16
🇦🇷 Vietnamese · Argentina
1803
-16
NPG Dkastro
6:28 Loom
9:16 Feudal Age
9:45 Double-Bit Axe
12:30 Horse Collar
12:43 Fletching
19:48 Castle Age
19:03 Gold Mining
19:33 Padded Archer Armor
19:51 Crossbowman
20:27 Bodkin Arrow
19:56 Crossbowman
22:46 Bow Saw
23:17 Wheelbarrow
25:34 Elite Skirmisher
28:22 Leather Archer Armor
28:15 Heavy Plow
31:13 Ballistics
31:41 Pikeman
33:38 Scale Mail Armor
33:13 Pikeman
35:58 Chain Mail Armor
38:35 Squires
41:11 Anarchy
43:47 Imperial Age
42:20 Anarchy
42:18 Man-at-Arms
43:14 Forging
43:33 Long Swordsman
43:53 Long Swordsman
45:00 Conscription
Elbaero
4:25 Loom
9:20 Feudal Age
9:55 Double-Bit Axe
15:11 Fletching
19:47 Castle Age
18:31 Padded Archer Armor
18:53 Horse Collar
20:25 Bodkin Arrow
20:02 Crossbowman
22:19 Bow Saw
23:18 Ballistics
30:50 Scale Barding Armor
31:41 Wheelbarrow
31:17 Bloodlines
33:25 Chain Barding Armor
40:17 Imperial Age
38:23 Scale Mail Armor
39:21 Chain Mail Armor
40:08 Forging
42:40 Plate Mail Armor
Connection lost

Rejoining the realm…

Still unreachable

The connection could not be restored.

Session expired

The server has moved on; the page needs a fresh start.